 Dungeon Crawl Stone Soup version 0.21.1-1-g345015f (webtiles) character file.

9469 Kagorn the Fighter (level 11, -4/73 HPs)
             Began as a Gargoyle Fighter on July 22, 2018.
             Was a Priest of Makhleb.
             Slain by a red ugly thing (14 damage)
             ... in a volcano.
             The game lasted 01:08:39 (8874 turns).

Kagorn the Fighter (Gargoyle Fighter)               Turns: 8874, Time: 01:08:40

Health: -4/73      AC: 19    Str: 26    XL:     11   Next: 47%
Magic:  14/14      EV: 13    Int: 10    God:    Makhleb [***...]
Gold:   616        SH: 11    Dex: 17    Spells: 12/14 levels left

rFire    . . .     SeeInvis +   Q - +2 mace (crush)
rCold    + . .     Gourm    .   c - +0 shield
rNeg     + . .     Faith    .   O - +0 troll leather armour
rPois    ∞         Spirit   .   I - +1 hat
rElec    +         Reflect  .   F - +0 cloak
rCorr    .         Harm     .   J - +0 pair of gloves {Dex+3}
MR       .....     Clarity  +   m - +1 pair of boots
Stlth    +++.......             k - amulet of magic regeneration
HPRegen  0.62/turn              t - ring of Uhel {Dex+4 SInv}
MPRegen  0.39/turn              w - ring of protection from cold

@: mighty
A: horns 1, clarity, negative energy resistance 1, electricity resistance,
unbreathing, petrification resistance, rot immunity, subdued magic 1, AC +8
a: Minor Destruction, Lesser Servant of Makhleb, Renounce Religion


You were in a volcano.
You worshipped Makhleb.
Makhleb was most pleased with you.
You were hungry.

You visited 3 branches of the dungeon, and saw 11 of its levels.
You also visited: Volcano.

You collected 616 gold pieces.

Inventory:

Hand Weapons
 a - a +0 dagger of speed
 s - a +5 scythe of protection
 y - a +4 quarterstaff
 z - a +1 falchion of slicing
 D - a +2 flail of crushing
 Q - a +2 mace of crushing (weapon)
 S - a +1 trident of flaming
Missiles
 q - 170 stones (quivered)
Armour
 c - a +0 shield (worn)
 m - a +1 pair of boots (worn)
 F - a +0 cloak (worn)
 I - a +1 hat (worn)
 J - a +0 pair of gloves of dexterity (worn)
 L - a +0 plate armour
 O - a +0 troll leather armour (worn)
Jewellery
 k - an amulet of magic regeneration (around neck)
 l - a +5 ring of intelligence
 o - a +6 ring of protection {unknown}
 p - an uncursed ring of wizardry
 t - the ring of Uhel (left hand) {Dex+4 SInv}
   (You found it on level 5 of the Dungeon)

   [ring of see invisible]

   It affects your dexterity (+4).
   It lets you see invisible.
 w - a ring of protection from cold (right hand)
Wands
 g - a wand of disintegration (22)
 x - a wand of acid (9)
 A - a wand of clouds (7)
 B - a wand of flame (19)
 G - a wand of iceblast (33)
 N - a wand of random effects (28)
Scrolls
 b - 4 scrolls of remove curse
 j - 2 scrolls of magic mapping
 v - 3 scrolls of fog
 C - 3 scrolls of teleportation
 H - 2 scrolls of fear
 K - a scroll of identify
 M - a scroll of enchant armour
 P - a scroll of silence {unknown}
 R - a scroll of blinking {unknown}
Potions
 e - a potion of flight {unknown}
 h - a potion of cancellation
 i - a potion of agility
 n - 3 potions of brilliance
 r - a potion of curing
 u - a potion of lignification
Books
 E - a book of Minor Magic

   Spells                             Type                      Level
   a - Magic Dart                     Conjuration                  1
   b - Blink                          Translocation                2
   c - Call Imp                       Summoning                    2
   d - Slow                           Hexes                        2
   e - Conjure Flame                  Conjuration/Fire             3
   f - Mephitic Cloud                 Conjuration/Poison/Air       3
Comestibles
 f - 6 rations


   Skills:
 * Level 10.8 Fighting
 - Level 3.4 Long Blades
 * Level 3.3 Maces & Flails
 - Level 6.9 Polearms
 + Level 7.8 Armour
 + Level 5.4 Dodging
 + Level 3.9 Stealth
 + Level 5.7 Shields
 - Level 2.0 Spellcasting
 - Level 2.0 Translocations
 - Level 2.0 Invocations
 - Level 2.0 Evocations


You had 12 spell levels left.
You knew the following spells:

 Your Spells              Type           Power        Failure   Level  Hunger
a - Blink                 Tloc           N/A          54%         2    ###....


Dungeon Overview and Level Annotations

Branches:
Dungeon (9/15)             Temple (1/1) D:7            Lair (1/6) D:9
    Orc: D:9-12

Altars:
Ashenzari
Cheibriados
Dithmenos
Elyvilon
Fedhas
Gozag
Hepliaklqana
Kikubaaqudgha
Makhleb
Nemelex Xobeh
Okawaru
Qazlal
Ru
Sif Muna
Trog
Uskayaw
Vehumet
Wu Jian
Xom
Yredelemnul
Zin
The Shining One


Innate Abilities, Weirdness & Mutations

You are resistant to torment.
Your stone body is resilient. (AC +8)
You are immune to poison.
You resist negative energy. (rN+)
You are resistant to electric shocks. (rElec)
You can survive without breathing.
You are immune to petrification.
You are immune to rotting.
You have a pair of small horns on your head.
You possess an exceptional clarity of mind.
Your spells are a little easier to cast, but a little less powerful.


Message History

You are feeling hungry.
The red ugly thing tentacle-slaps you but does no damage.
The red devil hits you but does no damage.
The red ugly thing closely misses you.
You thump the red ugly thing!
Your headbutt misses the red ugly thing.
The red ugly thing is heavily wounded.
You block the red devil's attack. The red ugly thing tentacle-slaps you.
You are engulfed in flames!!
* * * LOW HITPOINT WARNING * * *
You completely miss the red ugly thing. You headbutt the red ugly thing!
The red ugly thing is severely wounded.
The red devil hits you but does no damage.
You block the red ugly thing's attack. The red devil barely misses you.
You hit the red ugly thing. You headbutt the red ugly thing!
The red ugly thing is almost dead.
The red ugly thing tentacle-slaps you.
* * * LOW HITPOINT WARNING * * *
You are engulfed in flames!
You die...

#... ≈§ ##...
§§≈≈≈§§≈≈≈§≈≈ 3...#
.≈≈§§≈≈≈≈≈≈≈≈≈ ...##
...≈§≈≈≈§≈§§≈≈≈ #..##
...≈§≈≈≈≈≈≈≈≈§ #..##
#...≈§§§≈≈§§§≈ ##..##
###...≈§≈≈≈≈§§≈≈
##.4###8....§§≈≈≈≈§≈≈§
+∩hu@.....§.≈§≈≈§≈≈..
#..###8.....§§≈≈§§...
#..## ###....§§...§.##
#..## ##.##......##
#..# #####.##### ...#
### ...# #... #..


You could see a red ugly thing, a red devil and a hell hound.

Vanquished Creatures
  A hydra (D:9)
  A sun demon (Volcano)
  The ghost of troglodite the Skirmisher, a novice DsBe of Trog (D:7)
  Pikel (D:6)
  An ugly thing (Volcano)
  Joseph (D:7)
  The ghost of Ymberto the Skirmisher, a novice HuHu (D:5)
  A red devil (Volcano)
  A komodo dragon (D:9)
  A troll (D:9)
  Sigmund (D:3)
  3 wyverns (D:9)
  4 fire bats (Volcano)
  A hungry ghost (D:8)
  Edmund (D:4)
  An acid dragon (D:9)
  An orc warrior (D:9)
  Duvessa (D:4)
  A phantom (D:9)
  3 ice beasts
  3 ogres
  2 centaurs (D:8)
  2 sky beasts
  4 crocodiles (D:9)
  Blork the orc (D:5)
  4 bullfrogs
  A wyvern skeleton (D:9)
  Dowan (D:4)
  3 scorpions
  5 killer bees (D:9)
  4 howler monkeys
  2 crimson imps
  A bullfrog zombie (D:9)
  5 lava snakes (Volcano)
  Crazy Yiuf (D:5)
  3 hounds
  6 orc priests
  7 orc wizards
  2 gnoll shamans
  A jelly (D:7)
  A bullfrog skeleton (D:6)
  5 iguanas
  Jessica (D:3)
  2 centaur skeletons
  4 worker ants
  2 hound skeletons
  Robin (D:3)
  12 adders
  16 gnolls
  An adder zombie (D:7)
  An adder skeleton (D:6)
  A worm (D:4)
  2 dart slugs
  2 leopard geckos (D:9)
  22 orcs
  7 giant cockroaches
  11 hobgoblins
  2 jackals (D:1)
  5 kobolds
  7 quokkas
  2 ball pythons
  8 bats
  9 frilled lizards
  17 goblins
  7 rats
233 creatures vanquished.

Notes
Turn   | Place    | Note
-------+----------+-------------------------------------------
     0 | D:1      | Kagorn the Gargoyle Fighter began the quest for the Orb.
     0 | D:1      | Reached XP level 1. HP: 14/14 MP: 1/1
    97 | D:1      | Reached XP level 2. HP: 19/19 MP: 2/2
   558 | D:2      | Reached XP level 3. HP: 23/24 MP: 3/3
   900 | D:2      | Noticed an ogre
  1595 | D:2      | Killed an ogre
  1595 | D:2      | Reached skill level 4 in Fighting
  1595 | D:2      | Reached skill level 1 in Dodging
  1595 | D:2      | Reached XP level 4. HP: 28/30 MP: 4/4
  1595 | D:2      | Reached XP level 5. HP: 32/34 MP: 5/5
  1783 | D:3      | Noticed Sigmund
  1804 | D:3      | Killed Sigmund
  1804 | D:3      | Reached XP level 6. HP: 20/40 MP: 6/6
  1965 | D:3      | Noticed Robin
  2004 | D:3      | Killed Robin
  2092 | D:3      | Found a burning altar of Makhleb.
  2092 | D:3      | Found a shadowy altar of Dithmenos.
  2111 | D:3      | Became a worshipper of Makhleb the Destroyer
  2196 | D:3      | Found a sacrificial altar of Ru.
  2332 | D:3      | Reached skill level 5 in Fighting
  2519 | D:3      | Noticed Jessica
  2527 | D:3      | Killed Jessica
  2645 | D:4      | Reached XP level 7. HP: 44/44 MP: 7/7
  2697 | D:4      | Reached skill level 1 in Polearms
  2898 | D:4      | Reached * piety under Makhleb
  3298 | D:4      | Noticed Dowan
  3313 | D:4      | Noticed Duvessa
  3313 | D:4      | Killed Dowan
  3313 | D:4      | Reached skill level 6 in Fighting
  3326 | D:4      | Killed Duvessa
  3336 | D:4      | Reached XP level 8. HP: 33/51 MP: 8/8
  3342 | D:4      | Reached skill level 5 in Shields
  3418 | D:4      | Found a white marble altar of Elyvilon.
  3505 | D:4      | Found a shattered altar of Ashenzari.
  3574 | D:4      | Noticed Edmund
  3589 | D:4      | Killed Edmund
  3589 | D:4      | Reached skill level 5 in Armour
  3625 | D:4      | Gained mutation: You have a pair of small horns on your head. [potion of mutation]
  3625 | D:4      | Gained mutation: Your spells are a little easier to cast, but a little less powerful. [potion of mutation]
  3625 | D:4      | Gained mutation: You possess an exceptional clarity of mind. [potion of mutation]
  4124 | D:5      | Entered Level 5 of the Dungeon
  4179 | D:5      | Got a warped brass ring
  4180 | D:5      | Identified the ring of Uhel {Dex+4 SInv} (You found it on level 5 of the Dungeon)
  4195 | D:5      | Noticed Blork the orc
  4201 | D:5      | Killed Blork the orc
  4447 | D:5      | Noticed Ymberto's ghost (novice HuHu)
  4456 | D:5      | Killed Ymberto's ghost
  4456 | D:5      | Reached skill level 7 in Fighting
  4503 | D:5      | Found a sparkling altar of Nemelex Xobeh.
  4550 | D:5      | Found a runed door.
  4554 | D:5      | Noticed Crazy Yiuf
  4560 | D:5      | Killed Crazy Yiuf
  4560 | D:5      | Reached XP level 9. HP: 58/58 MP: 9/9
  5258 | D:6      | Reached skill level 8 in Fighting
  5355 | D:6      | Noticed Pikel
  5364 | D:6      | Killed Pikel
  5364 | D:6      | Reached skill level 5 in Polearms
  5765 | D:7      | Identified 2 scrolls of acquirement
  5802 | D:7      | Found a hide-covered altar of Uskayaw.
  5850 | D:7      | Noticed troglodite's ghost (novice DsBe)
  5862 | D:7      | Killed troglodite's ghost
  5862 | D:7      | Reached skill level 9 in Fighting
  5885 | D:7      | Noticed Joseph
  5901 | D:7      | Killed Joseph
  5901 | D:7      | Reached XP level 10. HP: 48/66 MP: 10/10
  6002 | D:7      | Found a staircase to the Ecumenical Temple.
  6022 | Temple   | Entered the Ecumenical Temple
  6923 | D:8      | Found a white marble altar of Elyvilon.
  6981 | D:8      | Reached ** piety under Makhleb
  7074 | D:8      | Found a snail-covered altar of Cheibriados.
  7075 | D:8      | Found a hazy altar of Hepliaklqana.
  7132 | D:8      | Learned a level 2 spell: Blink
  7137 | D:8      | Noticed an eight-headed hydra
  7597 | D:9      | Killed an eight-headed hydra
  7597 | D:9      | Reached skill level 10 in Fighting
  7597 | D:9      | Reached skill level 1 in Stealth
  7597 | D:9      | Reached skill level 1 in Invocations
  7604 | D:9      | Reached skill level 1 in Evocations
  7632 | D:9      | Reached skill level 1 in Spellcasting
  7632 | D:9      | Reached skill level 1 in Translocations
  7868 | D:9      | Reached skill level 5 in Dodging
  7893 | D:9      | Reached skill level 1 in Maces & Flails
  7941 | D:9      | Found a bloodstained altar of Trog.
  7950 | D:9      | Reached XP level 11. HP: 38/73 MP: 13/13
  8167 | D:9      | Reached *** piety under Makhleb
  8238 | D:9      | Found a staircase to the Lair.
  8633 | Lair:1   | Entered Level 1 of the Lair of Beasts
  8638 | Lair:1   | Found a blossoming altar of Fedhas.
  8675 | Lair:1   | Found a dark tunnel.
  8687 | Volcano  | Entered a volcano
  8815 | Volcano  | Noticed a red ugly thing
  8839 | Volcano  | Killed a red ugly thing
  8843 | Volcano  | Noticed a sun demon
  8849 | Volcano  | Noticed a red ugly thing
  8868 | Volcano  | Killed a sun demon
  8874 | Volcano  | Slain by a red ugly thing

Skill      XL: |  1  2  3  4  5  6  7  8  9 10 11 |
---------------+----------------------------------+-----
Long Blades    | 2 3 |  3.4
Fighting       | 4 5 6 7 9 10 | 10.8
Dodging        | 1 2 3 4 5 |  5.4
Armour         | 4 5 6 7 |  7.8
Shields        | 4 5 |  5.7
Polearms       | 1 4 6 |  6.9
Stealth        | 3 |  3.9
Invocations    | 2 |  2.0
Evocations     | 1 2 |  2.0
Spellcasting   | 1 2 |  2.0
Translocations | 1 2 |  2.0
Maces & Flails | 1 3 |  3.3

Action                   |  1- 3 |  4- 6 |  7- 9 | 10-12 || total
-------------------------+-------+-------+-------+-------++-------
Melee: Long sword        |   115 |    37 |       |       ||   152
       Hand axe          |     4 |       |       |       ||     4
       Scythe            |       |    77 |   268 |    64 ||   409
       Headbutt          |       |       |    29 |    92 ||   121
       Mace              |       |       |       |   291 ||   291
       Flail             |       |       |       |    40 ||    40
  Use: Scroll            |     7 |     3 |     8 |     1 ||    19
       Potion            |       |       |     8 |     8 ||    16
 Stab: Invisible         |       |       |     1 |       ||     1
       Sleeping          |       |       |       |     4 ||     4
  Eat: Ration            |     1 |       |     2 |     4 ||     7
       Chunk             |       |     3 |     4 |       ||     7
Armor: Scale mail        |    77 |       |       |       ||    77
       Ring mail         |       |    84 |   115 |       ||   199
       Chain mail        |       |       |   138 |    88 ||   226
       Plate armour      |       |       |       |    78 ||    78
       Troll leather arm |       |       |       |   137 ||   137
Dodge: Dodged            |    34 |    76 |   203 |   272 ||   585
Block: Shield            |    67 |    12 |       |   227 ||   306
       Rpst.: Long sword |     9 |     4 |       |       ||    13
